 Dungeon Crawl Stone Soup version 0.28-a0-1594-ga885d4b3d6 (webtiles) character file.

Game seed: 15773550924715501159

86 soggyman666 the Ruffian (level 4, -1/41 HPs)
             Began as a Troll Warper on Jan 21, 2022.
             Slain by an orc (3 damage)
             ... on level 4 of the Dungeon.
             The game lasted 00:06:22 (2580 turns).

soggyman666 the Ruffian (Troll Warper)              Turns: 2580, Time: 00:06:23

Health: -1/41      AC:  4    Str: 21    XL:     4   Next: 26%
Magic:  5/5        EV: 10    Int:  9    God:
Gold:   153        SH:  0    Dex:  9    Spells: 6/6 levels left

rFire   . . .      SeeInvis .     - Unarmed
rCold   . . .      Faith    .   (no shield)
rNeg    . . .      Spirit   .   a - +0 robe
rPois   .          Reflect  .   (helmet restricted)
rElec   .          Harm     .   (no cloak)
rCorr   .          Rampage  .   (gloves unavailable)
Will    .....                   (boots unavailable)
Stlth   +.........              (no amulet)
HPRegen 0.93/turn               (no ring)
MPRegen 0.09/turn               (no ring)

@: no status effects
A: large, unfitting armour, claws 3, regeneration 1, shaggy fur 1, tough skin 1
a: no special abilities


You were on level 4 of the Dungeon.
You visited 1 branch of the dungeon, and saw 4 of its levels.

You collected 153 gold pieces.

Inventory:

Missiles
 c - 5 boomerangs of dispersal (quivered)
 e - 7 boomerangs
Armour
 a - a +0 robe (worn)
Scrolls
 b - a scroll of blinking
 f - a scroll of holy word
Potions
 d - a potion of brilliance
 g - a potion of flight {unknown}
 h - a potion of attraction {unknown}
 i - 2 potions of mutation
 l - 2 potions of heal wounds
 m - a potion of curing {unknown}
 n - 3 potions of degeneration {unknown}
 o - a potion of invisibility {unknown}
 r - 2 potions of resistance {unknown}


   Skills:
 * Level 1.6 Fighting
 * Level 1.0 Throwing
 * Level 2.3 Dodging
 + Level 3.3 Unarmed Combat
 * Level 1.5 Spellcasting
 * Level 2.6 Translocations


You had 6 spell levels left.
You didn't know any spells.
Your spell library contained the following spells:

 Spells                   Type           Power      Damage    Failure   Level
 Blink                    Tloc           10%        N/A       19%         2
 Summon Small Mammal      Summ           0%         N/A       34%         1
 Gell's Gravitas          Tloc           5%         N/A       34%         3
 Lesser Beckoning         Tloc           5%         N/A       34%         3
 Teleport Other           Tloc           5%         N/A       34%         3
 Call Canine Familiar     Summ           0%         N/A       71%         3
 Inner Flame              Hex/Fire       0%         N/A       71%         3
 Summon Guardian Golem    Hex/Summ       0%         N/A       71%         3
 Manifold Assault         Tloc           5%         N/A       97%         5
 Cause Fear               Hex            0%         N/A       98%         4
 Discord                  Hex            0%         N/A       100%        8


Dungeon Overview and Level Annotations

Branches:
Dungeon (4/15)
 Temple: D:4-7

Altars:
Okawaru


Innate Abilities, Weirdness & Mutations

You are too large for most types of armour.
You have claws for hands.
Your natural rate of healing is unusually fast.
You are covered in fur. (AC +1)
You have tough skin. (AC +1)


Message History

You closely miss the orc.
The orc priest mumbles some strange prayers to Beogh against you.
Beogh smites you!
You are too injured to fight recklessly!
You are too injured to fight recklessly!
You are too injured to fight recklessly!
You are too injured to fight recklessly!
Unknown command.
You are too injured to fight recklessly!
You are too injured to fight recklessly!
You are too injured to fight recklessly!
You are too injured to fight recklessly!
You are too injured to fight recklessly!
You barely miss the orc. The orc hits you with a +0 short sword.
* * * LOW HITPOINT WARNING * * *
You scratch the orc.
The orc is almost dead.
The orc barely misses you.
You claw the orc!
You kill the orc!
You claw the endoplasm!
You kill the endoplasm!
The orc priest begins to cast a cantrip, but forgets the words!
The orc hits you with a +0 whip.
Things that are here:
a +0 short sword; an orc corpse You barely miss the orc.
The orc closely misses you.
You closely miss the orc.
The orc priest invokes the aid of Beogh against you.
Beogh smites you!
* * * LOW HITPOINT WARNING * * *
The orc hits you but does no damage.
You scratch the orc.
The orc is moderately wounded.
The orc hits you with a +0 whip.
* * * LOW HITPOINT WARNING * * *
You closely miss the orc. Your claw misses the orc.
The orc is moderately wounded.
The orc hits you with a +0 whip.
You die...

#.. #.#
.##..##.#
........#
....>##.#
#### #)#
#.# ###.#
#!..#
#.#@#
#.#o# #
#o# #.#
^.. ..#
###


You could see an orc priest and an orc.

Vanquished Creatures
  A gnoll (D:1)
  2 adders (D:2)
  2 dart slugs
  7 orcs
  5 ball pythons
  2 bats
  4 endoplasms
  A giant cockroach (D:3)
  3 goblins
  2 hobgoblins
  2 jackals (D:3)
  A quokka (D:2)
  5 frilled lizards
  4 kobolds
  7 rats
48 creatures vanquished.

Notes
Turn   | Place    | Note
-------+----------+-------------------------------------------
     0 | D:1      | soggyman666 the Troll Warper began the quest for the Orb.
     0 | D:1      | Reached XP level 1. HP: 19/19 MP: 1/1
    87 | D:1      | Reached XP level 2. HP: 22/27 MP: 2/2
   303 | D:1      | Found a faded altar of an unknown god.
   505 | D:1      | You fall into a shaft and drop 1 floor!
   549 | D:2      | Reached XP level 3. HP: 24/33 MP: 4/4
  1457 | D:2      | Reached skill level 3 in Unarmed Combat
  2093 | D:3      | Reached XP level 4. HP: 41/41 MP: 5/5
  2248 | D:3      | Reached skill level 1 in Throwing
  2301 | D:3      | Found an iron altar of Okawaru.
  2579 | D:4      | HP: 1/41 [orc (3)]
  2580 | D:4      | Slain by an orc

Illustrated notes

Levels and vault maps discovered:
D:1:      sevenhm_arrival_forest_fort_small_5, layout_basic,
          ebering_ecumenical_altar_rust, minmay_ruptured
D:2:      layout_basic, eino_tiny_chamber, serial_bayou_lagoon_b
D:3:      layout_rooms, marbit_many_paths
D:4:      layout_basic

Skill      XL: |  1  2  3  4 |
---------------+-------------+-----
Dodging        | 2 |  2.3
Unarmed Combat | 3 |  3.3
Throwing       | 1 |  1.0
Fighting       | |  1.6
Spellcasting   | |  1.5
Translocations | |  2.6

Action                   |  1- 3 |  4- 6 || total
-------------------------+-------+-------++-------
Melee: Unarmed           |   101 |    30 ||   131
       Punch             |     1 |       ||     1
  Use: Scroll            |     3 |     6 ||     9
 Stab: Sleeping          |       |     1 ||     1
Armor: Robe              |    39 |     4 ||    43
Dodge: Dodged            |    61 |     9 ||    70

Table legend: (Time is in decaauts)
 A = Elapsed time spent in this place.
 B = Non-inter-level travel time spent in this place.
 C = Inter-level travel time spent in this place.
 D = Time resting spent in this place.
 E = Time spent auto-exploring this place.
 F = Levels seen in this place.
 G = Mean time per level.
                   A        B        C        D        E       F      G
               +--------+--------+--------+--------+--------+-----+--------+
         Total |   2586 |   2367 |    219 |      0 |   2048 |   4 |  646.5 |
       Dungeon |   2586 |   2367 |    219 |      0 |   2048 |   4 |  646.5 |
               +--------+--------+--------+--------+--------+-----+--------+

Top non-repeatable levels by time:
     D:1: 1139 daAuts
     D:2: 781 daAuts
     D:3: 555 daAuts
     D:4: 109 daAuts
